Map: Dusk Towers

Players

bratpfanne - Winner!

  • Race: Terran Terran
  • League: Gold

capac

  • Race: Terran Terran
  • League: Gold

VOD

Have the link to the VOD?

Description

Time

  • Played on: April 14, 2016, 11:02 a.m.
  • Length: 22:46
Show
View Real Time Build Order
Export as new Build Order

bratpfanne Terran - Winner!

Build Orders: Reaper Expand 

Get SALT Encoding   

  12  0:00  SCV  
  13  0:13  SCV  
  14  0:19  Supply Depot  
  14  0:25  SCV  
  15  0:40  SCV  
  16  0:44  Barracks  
  16  0:47  Refinery  
  16  0:52  SCV  
  17  1:05  SCV  
  18  1:17  SCV  
  19  1:31  Orbital Command  
  19  1:33  Reaper  
  20  1:49  Command Center  
  20  1:57  SCV  
  21  2:19  Factory  
  20  2:35  SCV  
  20  2:36  Refinery  
  20  2:37  Barracks Reactor  
  21  2:42  Supply Depot  
  21  2:47  SCV  
  22  2:59  SCV  
  23  3:11  Factory Tech Lab  
  23  3:15  Marine x2  
  23  3:17  SCV  
  23  3:18  Orbital Command  
  23  3:19  Starport  
  26  3:29  SCV  
  26  3:31  Supply Depot  
  27  3:34  Marine x2  
  29  3:41  SCV  
  29  3:43  Engineering Bay  
  29  3:44  Siege Tank  
  29  3:45  SCV  
  34  3:52  Marine x2  
  34  3:54  SCV  
  37  3:57  Medivac  
  37  3:58  SCV  
  40  4:05  Barracks  
  40  4:06  SCV  
  41  4:10  SCV  
  41  4:13  Missile Turret  
  42  4:18  SCV  
  42  4:21  Terran Infantry Weapons Level 1  
  42  4:22  SCV  
  42  4:24  Marine x2  
  44  4:30  SCV  
  47  4:34  SCV  
  47  4:35  Supply Depot  
  48  4:40  Supply Depot  
  48  4:42  Siege Tank, SCV  
  52  4:46  Barracks  
  52  4:50  Marine x2  
  54  4:55  Barracks Tech Lab  
  54  4:56  Starport Reactor  
  54  5:00  SCV x2  
  56  5:11  Marine x2  
  56  5:12  SCV x2  
  59  5:24  SCV x2  
  61  5:29  Marine x2  
  60  5:36  SCV  
  59  5:44  Marine  
  58  5:54  Missile Turret  
  58  5:57  Missile Turret  
  58  6:06  Stimpack  
  58  6:07  Barracks Reactor  
  58  6:08  Viking  
  58  6:09  Viking  
  58  6:10  Marauder, Marine x2  
  66  6:18  Missile Turret  
  66  6:21  Missile Turret x2  
  66  6:22  Refinery, Missile Turret  
  66  6:23  SCV  
  66  6:24  SCV  
  68  6:25  Refinery  
  68  6:27  Terran Infantry Armor Level 1  
  68  6:28  Marine x2  
  70  6:35  Supply Depot  
  70  6:36  Supply Depot  
  70  6:56  Marine x3  
  70  6:57  SCV x2  
  70  7:01  Marine x2  
  77  7:04  Siege Tank  
  80  7:09  SCV x2  
  80  7:14  Marine x2  
  80  7:15  Marauder  
  86  7:19  Command Center  
  86  7:23  Supply Depot  
  86  7:25  Supply Depot  
  86  7:27  Marine  
  87  7:34  Marine x3  
  87  7:35  SCV  
  87  7:36  Marauder, SCV  
  93  7:44  Marine  
  93  7:48  SCV x2  
  96  7:52  Supply Depot, Marine x3  
  96  7:58  Marauder  
  101  8:00  SCV  
  101  8:02  Siege Tank  
  101  8:04  Medivac x2  
  106  8:38  Missile Turret  
  106  8:44  Marine  
  106  8:45  Marine x4  
  106  8:46  Siege Tank  
  106  8:47  Medivac x2  
  118  8:54  Engineering Bay  
  118  8:56  Armory  
  118  9:01  Orbital Command  
  118  9:02  Marine  
  118  9:03  Marauder  
  118  9:08  Supply Depot  
  121  9:10  Supply Depot  
  121  9:17  Medivac  
  121  9:22  Marine x4  
  127  9:25  Marauder  
  129  9:35  Orbital Command  
  129  9:40  Marine x4  
  129  9:45  Missile Turret  
  132  9:46  Marauder, Missile Turret  
  134  9:55  Siege Tank, Medivac x2  
  134  9:57  Marine x2  
  134  9:58  Marine x2  
  145  10:07  Marine  
  147  10:14  SCV x3  
  147  10:15  Terran Infantry Weapons Level 2  
  147  10:17  Terran Infantry Armor Level 2  
  149  10:29  Supply Depot  
  149  10:31  Supply Depot  
  149  10:33  Marine x3, Siege Tank, SCV x2  
  157  10:50  Marine x2  
  157  10:51  SCV x2  
  161  11:08  Marine  
  161  11:10  Marauder, Marine  
  161  11:11  Marine x2, Siege Tank  
  167  11:12  Medivac  
  172  11:37  Marine  
  173  11:43  Marine x3  
  173  12:00  Refinery  
  173  12:20  Combat Shields  
  173  12:24  Command Center  
  173  12:28  Supply Depot x2  
  173  12:49  Marine x2, Medivac x2  
  173  12:50  Marauder, Marine x2  
  183  13:11  Marine  
  143  13:26  Marine x4  
  145  13:29  Marauder  
  141  13:44  Marine x4  
  140  13:50  Marine  
  120  14:05  Marine  
  120  14:06  Marine x3  
  120  14:08  Marauder  
  120  14:23  Marine x3  
  120  14:24  Marine  
  117  14:29  Marine  
  109  14:33  Siege Tank  
  109  14:34  Viking, Medivac  
  114  14:41  Marine x4  
  106  14:47  Marine  
  107  14:59  Marine x4  
  111  15:04  Medivac x2  
  111  15:05  Marine, Siege Tank  
  119  15:16  Marine  
  119  15:17  Marine x3  
  123  15:22  Orbital Command  
  123  15:23  Marauder  
  124  15:33  Medivac  
  124  15:34  Marine, Medivac  
  124  15:35  Marine  
  113  15:37  Siege Tank  
  113  15:41  Marine x2  
  110  15:44  Marine  
  111  16:05  Barracks  
  111  16:06  Barracks, Command Center  
  111  16:07  Barracks  
  111  16:08  Barracks, Marine  
  111  16:09  Marine x4, Siege Tank  
  111  16:10  Barracks  
  119  16:26  Marine  
  119  16:27  Marine x4  
  114  16:41  Siege Tank  
  114  16:44  Marine, Medivac x2  
  114  16:45  Marine x4  
  124  17:02  Marine x5  
  124  17:03  SCV x3  
  124  17:04  Terran Infantry Armor Level 3, Terran Infantry Weapons Level 3  
  124  17:05  Terran Vehicle Weapons Level 1  
  124  17:07  Command Center  
  132  17:09  Barracks Reactor  
  132  17:10  Barracks Reactor x3  
  132  17:13  Siege Tank  
  132  17:14  Medivac x2  
  139  17:20  Marine x4  
  143  17:27  Refinery  
  143  17:28  Refinery  
  143  17:39  Marauder  
  145  17:45  Siege Tank  
  131  17:54  Marine  
  131  17:55  Marine x12  
  144  17:59  Marine  
  145  18:06  Supply Depot  
  145  18:08  Supply Depot  
  145  18:12  Marine  
  143  18:13  Marine x12  
  143  18:17  Marine, Siege Tank  
  143  18:18  Viking  
  158  18:21  Orbital Command  
  158  18:30  Marine x4  
  158  18:31  Marine x9  
  171  18:36  Marauder  
  170  18:48  Marine x8  
  133  18:56  Marine x5  
  133  18:57  Marine  
  124  19:05  Marine  
  124  19:06  Marine x7  
  130  19:13  Marine  
  130  19:14  Marine x5  
  131  19:20  Command Center  
  131  19:23  Marine  
  131  19:24  Marine x7  
  138  19:31  Marine  
  138  19:32  Marine x4  
  138  19:35  Viking  
  138  19:36  Viking  
  148  19:38  Barracks Reactor  
  148  19:41  Marine  
  148  19:42  Marine x2  
  148  19:43  Marine x5  
  155  19:49  Marine  
  155  19:50  Marine x3  
  155  19:51  Marauder  
  161  19:59  Marine x2  
  157  20:00  Marine  
  157  20:01  Marine x5  
  157  20:05  Viking  
  150  20:07  Marine x4  
  150  20:12  Marauder  
  130  20:17  Marine x2  
  130  20:18  Marine  
  127  20:29  Marine x9  
  127  20:30  Marine x2  
  127  20:33  Marine, Orbital Command  
  127  20:35  Marine x2  
  140  20:36  Marine  
  142  20:47  Marine x11  
  153  20:51  Marine  
  153  20:52  Marine  
  153  20:53  Marine  
  153  20:54  Marine  
  136  21:04  Marine  
  136  21:05  Marine x5  
  142  21:17  Marine  
  142  21:18  Marine x8  
  151  21:22  Marine  
  151  21:23  Marine x5  
  157  21:26  Viking x2  
  161  21:35  Marine x4  
  161  21:36  Marine x5  
  170  21:40  Marine  
  170  21:41  Marine x5  
  176  21:53  Marine x9  
  185  21:56  Viking x2  
  185  21:58  Marine x5  
  185  21:59  Marine  
  195  22:10  Marine  
  195  22:11  Marine x4  
  180  22:45  Supply Depot  
  180  22:46  Supply Depot  
Show
View Real Time Build Order
Export as new Build Order

capac Terran 

Build Orders: Banshee Rush 

Get SALT Encoding   

  12  0:02  SCV  
  13  0:14  SCV  
  14  0:18  Supply Depot  
  14  0:26  SCV  
  15  0:39  SCV  
  15  0:40  Barracks  
  16  0:45  Refinery  
  16  0:51  SCV  
  17  1:03  SCV  
  18  1:16  SCV  
  19  1:28  Orbital Command  
  20  1:45  Command Center  
  20  1:52  Supply Depot  
  20  2:00  Factory  
  19  2:01  Marine  
  20  2:08  Refinery  
  20  2:14  SCV  
  21  2:22  Barracks Reactor  
  21  2:27  SCV  
  22  2:44  SCV  
  22  2:48  Factory Tech Lab  
  22  2:49  Starport  
  23  2:56  SCV  
  23  2:57  Orbital Command  
  24  3:00  Marine  
  24  3:01  Marine  
  25  3:13  SCV  
  26  3:22  Marine x2  
  28  3:29  SCV  
  28  3:31  SCV  
  30  3:36  Widow Mine  
  30  3:39  Banshee  
  30  3:41  Cloaking Field, SCV  
  36  3:52  SCV  
  37  4:00  Command Center  
  37  4:07  Factory Tech Lab  
  37  4:15  SCV x2  
  39  4:20  Supply Depot  
  39  4:22  Banshee  
  42  4:27  Siege Tank  
  42  4:30  Marine  
  46  4:41  Marine, SCV x2  
  46  4:43  Supply Depot  
  49  4:53  SCV x2  
  51  5:05  Banshee, SCV  
  51  5:06  Barracks, SCV  
  56  5:07  Barracks  
  56  5:52  Siege Tank  
  59  6:01  Supply Depot  
  59  6:02  Barracks Tech Lab  
  59  6:03  Barracks Reactor  
  59  6:04  Engineering Bay  
  59  6:08  Banshee  
  62  6:17  Barracks  
  62  6:19  Orbital Command  
  62  6:23  Marine x2  
  66  6:25  Marauder  
  66  6:27  Barracks, Stimpack  
  66  6:28  Siege Tank  
  69  6:41  Orbital Command  
  69  6:49  Marine x2  
  69  6:50  Marine x3  
  74  7:07  Marine, Banshee  
  78  7:09  SCV x2  
  78  7:12  Refinery  
  78  7:14  Refinery, Starport  
  78  7:15  Marine x3  
  82  7:21  SCV  
  82  7:22  SCV  
  85  7:25  Barracks Reactor x2  
  85  7:29  Supply Depot  
  85  7:31  Supply Depot  
  85  7:42  Missile Turret  
  85  7:45  Missile Turret  
  85  7:46  Missile Turret  
  85  7:50  Marine x2  
  85  7:51  SCV x3  
  90  8:01  Marine x4  
  90  8:03  SCV x3  
  97  8:15  SCV x2  
  97  8:16  SCV  
  100  8:27  SCV  
  101  8:45  Supply Depot  
  101  8:48  Missile Turret  
  101  8:52  Starport Reactor  
  101  8:55  Starport  
  101  9:03  Missile Turret  
  101  9:07  Marauder, Marine x4, SCV x2  
  109  9:14  Supply Depot  
  109  9:15  Terran Infantry Weapons Level 1, Engineering Bay  
  109  9:20  Supply Depot  
  109  9:21  Armory  
  109  9:22  Armory  
  109  9:36  Marine x5, SCV x3  
  109  9:37  Viking, Starport Reactor  
  109  9:38  Supply Depot, Starport, Siege Tank  
  122  9:48  SCV x3  
  122  9:49  Supply Depot  
  122  9:52  Missile Turret  
  125  9:53  Marine x2, Missile Turret  
  125  9:57  Refinery, Marine x2  
  125  9:58  Marine x4  
  125  9:59  Refinery, Marine  
  134  10:00  SCV x3  
  134  10:02  Supply Depot  
  134  10:03  Terran Infantry Armor Level 1  
  134  10:05  Supply Depot  
  137  10:12  SCV x3  
  140  10:17  Marauder  
  140  10:18  Marine x6  
  148  10:24  SCV x3  
  151  10:36  SCV  
  151  10:39  Marauder  
  154  10:57  Viking  
  154  10:58  Starport Reactor  
  154  10:59  Viking x2  
  154  11:00  Viking x2, Marauder  
  166  11:07  Command Center  
  166  11:17  Liberator  
  166  11:22  Combat Shields  
  166  11:24  Siege Tank  
  169  11:30  Viking  
  169  11:31  Viking x3  
  177  11:36  Command Center  
  180  11:50  Marauder  
  180  12:19  Viking x4  
  180  12:22  Medivac x2  
  121  14:00  Marine x3  
  121  14:01  Marine x6  
  108  14:28  Marine x6  
  108  14:29  Marine  
  108  14:30  Siege Tank  
  105  14:36  Liberator x4  
  105  14:37  Liberator  
  82  14:55  Medivac x2  
  82  14:56  Marine x7  
  99  15:02  Siege Tank  
  99  15:03  Orbital Command  
  101  15:08  Marine x2  
  101  15:13  Marine  
  98  15:40  Marine x4  
  95  15:44  Marine x2  
  95  15:45  Marine x3  
  95  15:47  Siege Tank  
  103  15:58  Marine x4  
  103  16:02  Marine  
  107  16:04  Marine x4  
  111  16:15  Marine  
  111  16:16  Marine  
  98  16:40  Marine x2  
  98  16:41  Marine x6  
  106  16:55  Marine  
  106  16:58  Marine x3  
  106  16:59  Marine x5  
  115  17:02  Viking x4  
  115  17:03  Viking, Medivac x2  
  129  17:12  Refinery, Siege Tank  
  129  17:13  Marine  
  133  17:16  Marine x2  
  135  17:32  Medivac x5  
  132  18:09  Liberator x2  
  132  18:10  Liberator x5  
  111  18:20  Marine x5  
  111  18:21  Marine x4  
  141  18:38  Marine x4  
  136  18:52  Liberator x2  
  130  19:04  Marine x4  
  130  19:05  Marine x2  
  108  20:20  Marine x6  
  108  20:21  Marine  
  99  20:46  Marine x3  
  81  21:15  Siege Tank  
  84  21:47  Siege Tank  
  87  21:54  Marine  
  89  22:04  Orbital Command  
Tags
 
Add a new tag
Caveats
  • Supply blocks, unpowered buildings, or Contaminate may cause inaccurate times.
  • Supply counts are checked every 10 seconds.